 Dungeon Crawl Stone Soup version 0.27-a0-1119-gbf574a6a6b (webtiles) character file.

Game seed: 2797355596099234738

157 Zeld the Chucker (level 5, -3/36 HPs)
             Began as an Octopode Fighter on May 2, 2021.
             Slain by a gnoll
             ... wielding a +0 spear
              (10 damage)
             ... on level 3 of the Dungeon.
             The game lasted 00:03:09 (2906 turns).

Zeld the Chucker (Octopode Fighter)                 Turns: 2906, Time: 00:03:11

Health: -3/36      AC:  1    Str: 16    XL:     5   Next: 38%
Magic:  5/5        EV: 11    Int: 11    God:
Gold:   109        SH:  9    Dex: 11    Spells: 4/4 levels left

rFire    . . .     SeeInvis .   a - +0 war axe
rCold    + . .     Faith    .   b - +0 kite shield
rNeg     . . .     Spirit   .   (helmet restricted)
rPois    .         Reflect  .   (no amulet)
rElec    .         Harm     .   m - ring of protection from cold
rCorr    .         Rampage  .   (no ring)
Will     .....                  (no ring)
Stlth    ++........             (no ring)
HPRegen  0.12/turn              (no ring)
MPRegen  0.09/turn              (no ring)
                                (no ring)
                                (no ring)

@: no status effects
A: almost no armour, amphibious, 8 rings, camouflage 1, gelatinous body 1,
(nimble swimmer 1), tentacles
a: no special abilities


You were on level 3 of the Dungeon.
You visited 1 branch of the dungeon, and saw 3 of its levels.

You collected 109 gold pieces.

Inventory:

Hand Weapons
 a - a +0 war axe (weapon)
 j - a +0 war axe
Missiles
 e - 5 boomerangs
 g - 5 datura-tipped darts
 h - 33 poisoned darts (quivered)
Armour
 b - a +0 kite shield (worn)
Jewellery
 m - a ring of protection from cold (left tentacle)
Scrolls
 d - 3 scrolls of identify {unknown}
 i - a scroll of enchant weapon {unknown}
 l - a scroll of enchant armour {unknown}
 n - a scroll of blinking {unknown}
 o - a scroll of noise {unknown}
 p - a scroll of summoning {unknown}
Potions
 c - 2 potions of might
 f - a potion of curing {unknown}
 k - a potion of heal wounds {unknown}


   Skills:
 - Level 3.3 Fighting
 - Level 2.4 Axes
 * Level 4.0 Throwing
 - Level 3.0 Dodging
 - Level 3.4 Shields


You had 4 spell levels left.
You didn't know any spells.
Your spell library was empty.

Dungeon Overview and Level Annotations

Branches:
Dungeon (3/15)

Altars:

Shops:
D:1 :

Annotations:
D:3 Natasha


Innate Abilities, Weirdness & Mutations

You cannot wear most types of armour.
You are amphibious.
You can wear up to eight rings at the same time.
Your skin changes colour to match your surroundings (Stealth+).
Your rubbery body absorbs attacks. (AC +1, EV +1)
((You are camouflaged near water. (Stealth+)))
You have tentacles for arms and can constrict up to eight enemies at once.


Message History

The rat moves out of view.
There are monsters nearby!
A rat, a gnoll and Natasha come into view.
The gnoll shouts!
The rat moves out of view.
The gnoll shouts!
You slash the gnoll! You grab the gnoll.
The gnoll is almost dead.
You constrict the gnoll.
You kill the gnoll!
Your Throwing skill increases to level 4!
Things that are here:
a +0 whip; a gnoll corpse Natasha hisses angrily.
You hit the rat.
You kill the rat!
You hear a shout!
You block the gnoll's attack.
Your shield prevents you from hitting the gnoll.
You grab the gnoll. You constrict the gnoll.
The gnoll hits you from afar with a +0 halberd.
You block the gnoll's attack. The gnoll barely misses you. x2
You release your grip on the gnoll.
Natasha mumbles some strange words.
The gnoll closely misses you.
Things that are here:
a +0 whip; a gnoll corpse Unknown command.
The crimson imp shouts!
Natasha drinks a potion.
Natasha flickers and vanishes!
Deactivating autopickup; reactivate with Ctrl-A.
The gnoll barely misses you. You block the gnoll's attack.
You hit the gnoll. You grab the gnoll. You squeeze the gnoll.
The gnoll is heavily wounded.
You constrict the gnoll.
The gnoll hits you from afar with a +0 halberd!
The gnoll hits you with a +0 spear!
* * * LOW HITPOINT WARNING * * *
The gnoll closely misses you. The gnoll hits you with a +0 spear!
You die...

#.# #..# #.#.#
+.# ###.###...#
#.#
#.....###.####
#.# #.....#
#.....
#.###.†...#
#.####
#..##.....# #.#
#
#.........###.#
#
#)###......##.#
# +#######@#
#......##.# #
.....5gg.#
#......##.# #
.....g{###
#...†...#.# #
......#
#.....#.#.####
......
#######...#...
.r... ##..#...
..... #..#...
.... #..#...
.... #..#...


You could see 3 gnolls, a crimson imp (summoned) and a rat.

Vanquished Creatures
  A water moccasin skeleton (D:2)
  A gnoll (D:3)
  2 adders (D:2)
  A worm (D:3)
  A dart slug (D:3)
  3 orcs (D:3)
  6 ball pythons
  7 bats
  6 endoplasms
  16 giant cockroaches
  2 goblins (D:1)
  3 hobgoblins (D:2)
  2 quokkas
  5 frilled lizards (D:2)
  9 kobolds
  5 rats
70 creatures vanquished.

Notes
Turn   | Place    | Note
-------+----------+-------------------------------------------
     0 | D:1      | Zeld the Octopode Fighter began the quest for the Orb.
     0 | D:1      | Reached XP level 1. HP: 16/16 MP: 1/1
   397 | D:1      | Reached XP level 2. HP: 21/21 MP: 2/2
   515 | D:1      | Found Ratwim's Book Shoppe.
   595 | D:1      | Found a faded altar of an unknown god.
  1187 | D:2      | Reached skill level 1 in Throwing
  1187 | D:2      | Reached XP level 3. HP: 26/26 MP: 3/3
  1396 | D:2      | Reached skill level 2 in Throwing
  1402 | D:2      | Reached XP level 4. HP: 6/31 MP: 4/4
  1976 | D:2      | Reached skill level 3 in Throwing
  1976 | D:2      | Reached XP level 5. HP: 24/36 MP: 5/5
  2893 | D:3      | Noticed Natasha
  2900 | D:3      | Reached skill level 4 in Throwing
  2906 | D:3      | Slain by a gnoll

Illustrated notes

Levels and vault maps discovered:
D:1:      dpeg_arrival_circle_labyrinth_c, layout_loops_ring, serial_shops,
          shop, chequers_ecumenical_altar_simple_redux, nrook_mini_backslash
D:2:      minmay_roachtagon, layout_loops_corners
D:3:      layout_basic, minmay_door_square, uniq_natasha

Skill      XL: |  1  2  3  4  5 |
---------------+----------------+-----
Throwing       | 1 2 3 4 |  4.0
Fighting       | |  3.3
Axes           | |  2.4
Dodging        | |  3.0
Shields        | |  3.4

Action                   |  1- 3 |  4- 6 || total
-------------------------+-------+-------++-------
Melee: War axe           |    63 |    58 ||   121
       Tentacles         |    12 |    10 ||    22
       Constrict         |    21 |    17 ||    38
 Stab: Sleeping          |     9 |     1 ||    10
Armor: Skin              |     6 |     6 ||    12
Dodge: Dodged            |    19 |    24 ||    43
Block: Kite shield       |    32 |    30 ||    62

Table legend: (Time is in decaauts)
 A = Elapsed time spent in this place.
 B = Non-inter-level travel time spent in this place.
 C = Inter-level travel time spent in this place.
 D = Time resting spent in this place.
 E = Time spent auto-exploring this place.
 F = Levels seen in this place.
 G = Mean time per level.
                   A        B        C        D        E       F      G
               +--------+--------+--------+--------+--------+-----+--------+
         Total |   2979 |   2913 |     66 |    480 |   1977 |   3 |  993.0 |
       Dungeon |   2979 |   2913 |     66 |    480 |   1977 |   3 |  993.0 |
               +--------+--------+--------+--------+--------+-----+--------+

Top non-repeatable levels by time:
     D:2: 1544 daAuts
     D:1: 999 daAuts
     D:3: 435 daAuts
